 Dungeon Crawl Stone Soup version 0.31-a0-4-gefa6de2278 (webtiles) character file.

Game seed: 6562350778370598656

3569 retardedninja the Magician (level 10, 0/74 HPs)
             Began as a Gnoll Fire Elementalist on May 4, 2023.
             Was a Follower of Cheibriados.
             Killed themself with a badly aimed iceblast (24 damage)
             ... on level 8 of the Dungeon.
             The game lasted 00:09:30 (8222 turns).

retardedninja the Magician (GnFE)                   Turns: 8222, Time: 00:09:31

Health: 0/74       AC:  6    Str: 20    XL:     10   Next: 9%
Magic:  16/20      EV: 15    Int: 22    God:    Cheibriados [*.....]
Gold:   518        SH:  0    Dex: 15    Spells: 16/23 levels left

rFire   + + .        n - staff of fire
rCold   . . .        (no shield)
rNeg    . . .        y - +2 robe of the Saviour {rElec Str+3}
rPois   .            l - +0 helmet
rElec   +            (no cloak)
rCorr   .            (no gloves)
SInv    .            D - +0 pair of boots
Will    .....        (no amulet)
Stlth   +++          f - +6 ring of strength
HPRegen 0.32/turn    s - ring of protection from fire
MPRegen 0.17/turn

%: no passive effects
@: very slow
A: fangs 1, strong nose, distributed training
a: Renounce Religion, Bend Time


You were on level 8 of the Dungeon.
You worshipped Cheibriados.
Cheibriados was aware of your devotion.
You visited 2 branches of the dungeon, and saw 9 of its levels.

You collected 518 gold pieces.

Inventory:

Armour
 l - a +0 helmet (worn)
 y - the +2 robe of the Saviour (worn) {rElec Str+3}
   (You found it on level 3 of the Dungeon)

   Str:       It affects your strength (+3).
   rElec:     It insulates you from electricity.
 D - a +0 pair of boots (worn)
Magical Staves
 n - a staff of fire (weapon)
Jewellery
 f - a +6 ring of strength (left hand)
 s - a ring of protection from fire (right hand)
 F - a ring of protection from fire
Wands
 a - a wand of iceblast (1)
Scrolls
 e - a scroll of magic mapping {unknown}
 g - a scroll of fear {unknown}
 h - 5 scrolls of blinking {unknown}
 i - a scroll of silence {unknown}
 k - 2 scrolls of torment {unknown}
 m - 2 scrolls of enchant armour {unknown}
 o - 2 scrolls of vulnerability {unknown}
 q - 2 scrolls of brand weapon {unknown}
 u - a scroll of noise {unknown}
 w - 8 scrolls of identify {unknown}
 x - a scroll of teleportation {unknown}
 A - a scroll of enchant weapon {unknown}
 C - a scroll of immolation {unknown}
Potions
 b - a potion of magic
 c - 4 potions of cancellation {unknown}
 d - a potion of berserk rage {unknown}
 j - 7 potions of curing {unknown}
 p - 4 potions of heal wounds {unknown}
 r - a potion of ambrosia {unknown}
 t - 2 potions of haste {unknown}
 v - a potion of mutation {unknown}
 z - a potion of attraction {unknown}
 B - a potion of flight {unknown}
 E - 2 potions of lignification {unknown}
 G - 2 potions of degeneration {unknown}


   Skills:
 + Level 5.1 Fighting
 + Level 5.1 Short Blades
 + Level 5.1 Long Blades
 + Level 5.1 Axes
 + Level 5.1 Maces & Flails
 + Level 5.1 Polearms
 + Level 5.1 Staves
 + Level 5.1 Ranged Weapons
 + Level 5.1 Throwing
 + Level 5.1 Armour
 + Level 7.0 Dodging
 + Level 6.7 Stealth
 + Level 5.1 Shields
 + Level 5.1 Unarmed Combat
 + Level 7.2 Spellcasting
 + Level 4.8 Conjurations
 + Level 4.2 Hexes
 + Level 4.2 Summonings
 + Level 4.2 Necromancy
 + Level 4.2 Translocations
 + Level 4.2 Transmutations
 + Level 7.0 Fire Magic
 + Level 4.2 Ice Magic
 + Level 4.2 Air Magic
 + Level 4.2 Earth Magic
 + Level 4.2 Poison Magic
 + Level 5.6 Invocations
 + Level 5.1 Evocations


You had 16 spell levels left.
You knew the following spells:

 Your Spells              Type           Power      Damage    Failure   Level
a - Foxfire               Conj/Fire      100%       2x1d9     1%          1
b - Scorch                Fire           100%       2d9       1%          2
c - Flame Wave            Conj/Fire      50%        2d12      7%          4

Your spell library contained the following spells:

 Spells                   Type           Power      Damage    Failure   Level
 Magic Dart               Conj           100%       1d8       1%          1
 Momentum Strike          Conj/Tloc      54%        3d9       1%          2
 Searing Ray              Conj           58%        2d6       1%          2
 Blink                    Tloc           52%        N/A       2%          2
 Ensorcelled Hibernation  Hex/Ice        52%        N/A       2%          2
 Lesser Beckoning         Tloc           52%        N/A       2%          2
 Passwall                 Tmut/Erth      21%        N/A       2%          2
 Inner Flame              Hex/Fire       49%        N/A       2%          3
 Volatile Blastmotes      Fire/Tloc      98%        2d18      2%          3
 Ozocubu's Armour         Ice            26%        N/A       4%          3
 Swiftness                Air            26%        N/A       4%          3
 Fulminant Prism          Conj/Hex       13%        3d8       12%         4
 Manifold Assault         Tloc           26%        N/A       14%         4
 Summon Lightning Spire   Summ/Air       26%        N/A       14%         4
 Ozocubu's Refrigeration  Ice            13%        4d10      100%        7
 Storm Form               Tmut/Air       13%        N/A       100%        7
 Maxwell's Capacitive Co  Air            13%        ∞         100%        8


Dungeon Overview and Level Annotations

Branches:
Dungeon (8/15)             Temple (1/1) D:5
   Lair: D:8-11

Altars:
Ashenzari
Cheibriados
Elyvilon
Fedhas
Gozag
Hepliaklqana
Kikubaaqudgha
Makhleb
Nemelex Xobeh
Okawaru
Qazlal
Ru
Sif Muna
Trog
Uskayaw
Wu Jian
Xom
Zin
The Shining One

Annotations:
D:3 1 runed translucent door, Crazy Yiuf
D:8 Joseph


Innate Abilities, Weirdness & Mutations

You have very sharp teeth.
Your uncanny sense of smell can sniff out nearby items.
Your experience applies equally to all skills.


Message History

Joseph is moderately wounded.
Joseph barely misses you.
Unknown command.
A wave of flame ripples out!
The flame wave engulfs Joseph!
Joseph is heavily wounded.
You finish channelling waves of flame.
Joseph hits you with a +0 quarterstaff. Joseph hits you but does no damage.
Unknown command.
Unknown command.
Joseph zaps a wand.
Your will is overpowered!
You are confused.
You're too confused to cast spells.
Joseph unwields a +0 quarterstaff.
Joseph wields a +0 sling.
Joseph shoots a sling bullet.
The sling bullet hits you!
Unknown command.
You bump into the rock wall.
Joseph drinks a potion.
Joseph flickers and vanishes!
Deactivating autopickup; reactivate with Ctrl-A.
The ice beast barely misses you. Something hits you.
The ice beast hits you but does no damage.
You're too confused to cast spells.
You hear a zap.
Keep disrobing? [Y]es or [N]o only, please.
Keep disrobing?
You stop removing your armour.
Something tries to affect you, but you resist.
The ice beast hits you but does no damage.
Unknown command.
You're too confused to cast spells.
Okay, then.
You're too confused to cast spells.
Okay, then.
You feel less confused. Something hits you! The ice beast closely misses you.
Something hits you!
Aiming: Iceblast
Press: ? - help, Q - select action, (/) - cycle Shift-Dir - straight line The mass of ice explodes!
The iceblast engulfs something.
The iceblast engulfs you!!
You die...

.# #.....# .########
#.....# .)......# #.....#
........###########.....#
......(.................#
.........###########....#
.........# #######....#
#.)....>.#####...Y.#....#
..)......##.....@..'....#
....)....##.##..{..###.##
..)......# #.....# #+#
#...))...# #.....#
+........# #######
#........# .........#
.........#


You could see an ice beast.

Vanquished Creatures
  Pikel (D:5)
  Psyche (D:8)
  Prince Ribbit (D:5)
  Sigmund (D:3)
  2 steam dragons (D:7)
  Menkaure (D:7)
  A water moccasin (D:7)
  A sky beast (D:6)
  A black bear (D:7)
  4 ogres
  A centaur (D:6)
  A phantom (D:5)
  3 lemures (D:5)
  4 bullfrogs
  4 scorpions
  4 wights (D:7)
  6 hounds
  2 jellies (D:5)
  A gnoll bouda (D:8)
  4 iguanas
  A sleepcap (D:6)
  Ijyb (D:3)
  2 orc wizards
  11 gnolls
  5 adders
  2 white imps (D:5)
  2 ufetubi (D:4)
  A worm (D:5)
  3 dart slugs
  11 orcs
  5 endoplasms
  A giant cockroach (D:2)
  5 goblins
  4 hobgoblins
  4 jackals (D:4)
  A kobold (D:3)
  4 quokkas (D:1)
  6 ball pythons
  A frilled lizard (D:2)
  4 rats
118 creatures vanquished.

Vanquished Creatures (others)
  549 foxfires
  A fungus (D:3)
550 creatures vanquished.

Grand Total: 668 creatures vanquished

Notes
Turn   | Place    | Note
-------+----------+-------------------------------------------
     0 | D:1      | retardedninja the Gnoll Fire Elementalist began the quest
                  | for the Orb.
     0 | D:1      | Reached XP level 1. HP: 13/13 MP: 6/6
   376 | D:1      | Reached XP level 2. HP: 19/19 MP: 5/7
   731 | D:2      | Identified the +3 short sword of Blood {protect, Dex+4}
   966 | D:2      | Reached skill level 5 in Spellcasting
   966 | D:2      | Reached XP level 3. HP: 25/25 MP: 4/9
  1377 | D:2      | Learned a level 2 spell: Scorch
  1426 | D:3      | Reached skill level 1 in Invocations
  1430 | D:3      | Reached skill level 1 in Fighting
  1430 | D:3      | Reached skill level 1 in Short Blades
  1430 | D:3      | Reached skill level 1 in Long Blades
  1430 | D:3      | Reached skill level 1 in Axes
  1430 | D:3      | Reached skill level 1 in Maces & Flails
  1430 | D:3      | Reached skill level 1 in Polearms
  1430 | D:3      | Reached skill level 1 in Staves
  1430 | D:3      | Reached skill level 1 in Ranged Weapons
  1430 | D:3      | Reached skill level 1 in Throwing
  1430 | D:3      | Reached skill level 1 in Armour
  1430 | D:3      | Reached skill level 1 in Shields
  1430 | D:3      | Reached skill level 1 in Unarmed Combat
  1430 | D:3      | Reached skill level 1 in Evocations
  1504 | D:3      | Reached XP level 4. HP: 32/32 MP: 6/11
  1542 | D:3      | Found a faded altar of an unknown god.
  1641 | D:3      | Noticed Sigmund
  1654 | D:3      | Killed Sigmund
  1655 | D:3      | Reached skill level 1 in Hexes
  1655 | D:3      | Reached skill level 1 in Summonings
  1655 | D:3      | Reached skill level 1 in Necromancy
  1655 | D:3      | Reached skill level 1 in Translocations
  1655 | D:3      | Reached skill level 1 in Transmutations
  1655 | D:3      | Reached skill level 1 in Ice Magic
  1655 | D:3      | Reached skill level 1 in Air Magic
  1655 | D:3      | Reached skill level 1 in Earth Magic
  1655 | D:3      | Reached skill level 1 in Poison Magic
  1655 | D:3      | Reached XP level 5. HP: 21/38 MP: 4/12
  1655 | D:3      | Reached XP level 6. HP: 24/44 MP: 4/13
  1789 | D:3      | Identified the +2 robe of the Saviour {rElec Str+3}
  1962 | D:3      | Found a runed translucent door.
  1963 | D:3      | Noticed Crazy Yiuf
  1996 | D:3      | Noticed Ijyb
  2012 | D:3      | Killed Ijyb
  2013 | D:3      | Reached skill level 5 in Dodging
  2140 | D:3      | Found an iron altar of Okawaru.
  2677 | D:4      | Reached XP level 7. HP: 34/51 MP: 5/15
  3584 | D:4      | Reached skill level 5 in Stealth
  3918 | D:5      | Entered Level 5 of the Dungeon
  3969 | D:5      | Found a staircase to the Ecumenical Temple.
  3986 | Temple   | Entered the Ecumenical Temple
  4045 | Temple   | Became a worshipper of Cheibriados the Contemplative
  4116 | D:5      | Noticed Prince Ribbit
  4124 | D:5      | Killed Prince Ribbit
  4324 | D:5      | Reached XP level 8. HP: 51/58 MP: 9/16
  4751 | D:5      | Noticed Pikel
  4754 | D:5      | Killed Pikel
  4771 | D:5      | Learned a level 4 spell: Flame Wave
  5549 | D:6      | Reached XP level 9. HP: 65/65 MP: 14/18
  6761 | D:7      | Reached * piety under Cheibriados
  6762 | D:7      | Reached skill level 5 in Invocations
  7222 | D:7      | Noticed Menkaure
  7229 | D:7      | Killed Menkaure
  8015 | D:8      | Noticed Psyche
  8021 | D:8      | Killed Psyche
  8022 | D:8      | Reached skill level 5 in Fighting
  8022 | D:8      | Reached skill level 5 in Short Blades
  8022 | D:8      | Reached skill level 5 in Long Blades
  8022 | D:8      | Reached skill level 5 in Axes
  8022 | D:8      | Reached skill level 5 in Maces & Flails
  8022 | D:8      | Reached skill level 5 in Polearms
  8022 | D:8      | Reached skill level 5 in Staves
  8022 | D:8      | Reached skill level 5 in Ranged Weapons
  8022 | D:8      | Reached skill level 5 in Throwing
  8022 | D:8      | Reached skill level 5 in Armour
  8022 | D:8      | Reached skill level 5 in Shields
  8022 | D:8      | Reached skill level 5 in Unarmed Combat
  8022 | D:8      | Reached skill level 5 in Evocations
  8022 | D:8      | Reached XP level 10. HP: 74/74 MP: 14/20
  8208 | D:8      | Noticed Joseph
  8222 | D:8      | Killed themself with a badly aimed iceblast

Illustrated notes

Levels and vault maps discovered:
D:1:      minmay_arrival_jagged, layout_rooms
D:2:      layout_rooms, kennysheep_potato
D:3:      layout_basic, mainiacjoe_overflow_six_doors_small,
          dreamdust_ecumenical_altar_grove, nrook_campfire,
          uniq_crazy_yiuf_cottage, uniq_ijyb, uniq_sigmund
D:4:      layout_loops_ring, chequers_serial_rivers_micro_c, minmay_circle_x
D:5:      layout_gridville, minmay_temple_entry_antechambers, uniq_pikel,
          uniq_prince_ribbit1
D:6:      layout_cave_pods, dk_noncrumbling_3
D:7:      cheibrodos_steamvent, layout_basic, uniq_menkaure
D:8:      layout_basic, dk_yredelemnul_ordeal, hangedman_minor_gate_pass,
          uniq_psyche, uniq_joseph
Temple:   dpeg_three_leaves_temple

Skill      XL: |  1  2  3  4  5  6  7  8  9 10 |
---------------+-------------------------------+-----
Conjurations   | 2 3 4 |  4.8
Spellcasting   | 5 6 7 |  7.2
Invocations    | 1 2 3 4 5 |  5.6
Fighting       | 1 2 3 5 |  5.1
Short Blades   | 1 2 3 5 |  5.1
Long Blades    | 1 2 3 5 |  5.1
Axes           | 1 2 3 5 |  5.1
Maces & Flails | 1 2 3 5 |  5.1
Polearms       | 1 2 3 5 |  5.1
Staves         | 1 2 3 5 |  5.1
Ranged Weapons | 1 2 3 5 |  5.1
Throwing       | 1 2 3 5 |  5.1
Armour         | 1 2 3 5 |  5.1
Shields        | 1 2 3 5 |  5.1
Unarmed Combat | 1 2 3 5 |  5.1
Evocations     | 1 2 3 5 |  5.1
Hexes          | 1 2 3 4 |  4.2
Summonings     | 1 2 3 4 |  4.2
Necromancy     | 1 2 3 4 |  4.2
Translocations | 1 2 3 4 |  4.2
Transmutations | 1 2 3 4 |  4.2
Ice Magic      | 1 2 3 4 |  4.2
Air Magic      | 1 2 3 4 |  4.2
Earth Magic    | 1 2 3 4 |  4.2
Poison Magic   | 1 2 3 4 |  4.2
Dodging        | 5 6 7 |  7.0
Stealth        | 5 6 |  6.7
Fire Magic     | 6 7 |  7.0

Action                     |  1- 3 |  4- 6 |  7- 9 | 10-12 || total
---------------------------+-------+-------+-------+-------++-------
  Melee: Staff             |       |     1 |    16 |       ||    17
         Punch             |       |       |     1 |       ||     1
         Bite              |       |       |     2 |       ||     2
   Cast: Foxfire           |    67 |    44 |   192 |    20 ||   323
         Scorch            |       |    13 |    35 |       ||    48
         Flame Wave        |       |       |     2 |     1 ||     3
  Evoke: Wand              |       |       |     4 |       ||     4
    Use: Potion            |       |     1 |       |       ||     1
 Armour: Robe              |     1 |     6 |    48 |     5 ||    60
  Dodge: Dodged            |     3 |     9 |    92 |     8 ||   112

Table legend: (Time is in decaauts)
 A = Elapsed time spent in this place.
 B = Non-inter-level travel time spent in this place.
 C = Inter-level travel time spent in this place.
 D = Time resting spent in this place.
 E = Time spent auto-exploring this place.
 F = Levels seen in this place.
 G = Mean time per level.
                   A        B        C        D        E       F      G
               +--------+--------+--------+--------+--------+-----+--------+
         Total |   8968 |   8774 |    194 |   1116 |   6529 |   9 |  996.4 |
       Dungeon |   8840 |   8671 |    169 |   1116 |   6439 |   8 | 1105.0 |
        Temple |    128 |    103 |     25 |      0 |     90 |   1 |  128.0 |
               +--------+--------+--------+--------+--------+-----+--------+

Top non-repeatable levels by time:
     D:7: 1542 daAuts
     D:5: 1497 daAuts
     D:6: 1451 daAuts
     D:4: 1398 daAuts
     D:3: 1114 daAuts
     D:2: 776 daAuts
     D:1: 629 daAuts
     D:8: 431 daAuts
  Temple: 128 daAuts
